 Dungeon Crawl Stone Soup version 0.30-a0-371-gad7725a93e (webtiles) character file.

Game seed: 11431296154772699061

3537 leviel the Cleaver (level 10, -4/90 HPs)
             Began as a Hill Orc Fighter on Nov 21, 2022.
             Was a Priest of the Shining One.
             Succumbed to a green ugly thing's poison
             ... on level 7 of the Dungeon.
             The game lasted 00:08:10 (6612 turns).

leviel the Cleaver (Hill Orc Fighter)               Turns: 6612, Time: 00:08:10

Health: -4/90      AC: 10    Str: 24    XL:     10   Next: 8%
Magic:  10/10      EV: 11    Int:  8    God:    the Shining One [***...]
Gold:   441        SH:  5    Dex: 10    Spells: 9/9 levels left

rFire   . . .      SeeInvis .    m - +10 glaive "Newtbane" {freeze, Will+}
rCold   . . .      Faith    .    (shield currently unavailable)
rNeg    + . .      Spirit   .    b - +0 scale mail
rPois   .          Reflect  +    (no helmet)
rElec   .          Harm     .    (no cloak)
rCorr   .          Rampage  .    f - +1 pair of gloves
Will    +....                    (no boots)
Stlth   ..........               g - amulet of reflection
HPRegen 0.35/turn                (no ring)
MPRegen 0.12/turn                (no ring)

@: mighty, lethally poisoned (-4 -> -45), hasted, glowing, very quick
A: no striking features
a: Renounce Religion, Divine Shield, Cleansing Flame


You were on level 7 of the Dungeon.
You worshipped the Shining One.
The Shining One was most pleased with you.
You visited 1 branch of the dungeon, and saw 7 of its levels.

You collected 441 gold pieces.

Inventory:

Hand Weapons
 a - a +0 spectral war axe
 m - the +10 glaive "Newtbane" (weapon) {freeze, Will+}
   (You found it on level 3 of the Dungeon)

   It freezes those it strikes, dealing additional cold damage.
   It can also slow down cold-blooded creatures.
   Will:      It increases your willpower.
Missiles
 s - 2 throwing nets (quivered)
Armour
 b - a +0 scale mail (worn)
 c - a +0 buckler
 f - a +1 pair of gloves (worn)
Jewellery
 g - an amulet of reflection (around neck)
Wands
 i - a wand of acid (28)
 u - a wand of digging (1)
 x - a wand of paralysis (8)
Scrolls
 h - 3 scrolls of enchant weapon {@r3}
 l - 2 scrolls of silence
 v - a scroll of amnesia
 w - a scroll of teleportation
 y - a scroll of immolation
 A - 2 scrolls of butterflies
 F - a scroll of enchant armour {@r2}
Potions
 d - 4 potions of might
 j - 5 potions of curing
 n - 2 potions of flight {unknown}
 o - a potion of haste
 p - a potion of resistance {unknown}
 q - 2 potions of mutation {unknown}
 r - a potion of magic {unknown}
 t - 2 potions of lignification {unknown}
 z - a potion of degeneration {unknown}
 C - 2 potions of attraction {unknown}
 E - a potion of cancellation {unknown}


   Skills:
 + Level 8.5 Fighting
 + Level 8.7(10.0) Axes
 + Level 6.3(7.9) Polearms
 + Level 7.7 Armour
 + Level 3.4 Dodging
 - Level 6.0 Shields


You had 9 spell levels left.
You didn't know any spells.
Your spell library contained the following spells:

 Spells                   Type           Power      Damage    Failure   Level
 Kiss of Death            Conj/Necr      0%         2d5       67%         1
 Magic Dart               Conj           0%         1d3       67%         1
 Searing Ray              Conj           0%         2d4       82%         2
 Confusing Touch          Hex            0%         N/A       96%         3
 Vhi's Electric Charge    Tloc/Air       0%         N/A       96%         3
 Dispel Undead            Necr           0%         3d6       100%        4
 Fulminant Prism          Conj/Hex       0%         3d5       100%        4
 Arcjolt                  Conj/Air       0%         1d10      100%        5
 Maxwell's Capacitive Co  Air            0%         ∞         100%        8


Dungeon Overview and Level Annotations

Branches:
Dungeon (7/15)             Temple (0/1) D:4

Altars:
Gozag
Nemelex Xobeh
Uskayaw
Zin
The Shining One
Lugonu

Shops:
D:5 *   D:6 =

Annotations:
D:7 1 transporter


Message History

The small abomination hits you but does no damage.
The white ugly thing basks in the mutagenic energy from its kin and changes!
The white ugly thing completely misses you.
The small abomination hits you but does no damage.
You block the small abomination's attack.
The small abomination hits you!
* * * LOW HITPOINT WARNING * * *
Okay, then.
You feel much better. The white ugly thing stings you!
The white ugly thing freezes you!
* * * LOW HITPOINT WARNING * * *
The small abomination hits you but does no damage.
The small abomination hits you.
* * * LOW HITPOINT WARNING * * *
The small abomination completely misses you.
You feel yourself speed up. The small abomination hits you!
* * * LOW HITPOINT WARNING * * *
The white ugly thing closely misses you.
The small abomination hits you but does no damage.
The small abomination closely misses you.
The green ugly thing pecks you.
* * * LOW HITPOINT WARNING * * *
You feel much better.
The small abomination barely misses you.
You block the white ugly thing's attack.
The small abomination closely misses you.
Okay, then.
You slice the green ugly thing!! You freeze the green ugly thing!
The green ugly thing is almost dead.
The small abomination misses you.
The small abomination hits you but does no damage.
The green ugly thing pecks you.
* * * LOW HITPOINT WARNING * * *
You are lethally poisoned!
The green ugly thing poisons you! The white ugly thing barely misses you.
The small abomination hits you!!
* * * LOW HITPOINT WARNING * * *
You barely miss the green ugly thing.
The green ugly thing is almost dead.
You die...

.........##.#.)....#.#####.#
............####.....### #.#
#############..##...##.[##.#
..# ..###..<##.©(#.#
#.###### x...##.##..#.#.#
.......# ####...###...###.#
.......####.###.......###..#
..............##xx...##....#
.......###....©#@u_..#©....#
.......# ##...##ux...##....#
.......# #.###.......###..#
.......# ####...###...###.#
.......# .#..## ##...x#.#
##+###'### ?.## ###..#.#
......#..# #.. .[##.#
......#..#################.#
##+###+..+.# #..........#.#


You could see 2 ugly things and 3 small abominations.

Vanquished Creatures
  Grinder (D:5)
  Menkaure (D:6)
  An ice beast (D:7)
  An orc warrior (D:6)
  3 black bears
  2 sky beasts
  2 ogres
  5 centaurs
  A phantom (D:5)
  2 kobold brigands (D:7)
  2 bullfrogs
  2 scorpions (D:5)
  A necrophage (D:5)
  11 wights
  3 howler monkeys
  An orc priest (D:4)
  4 hounds
  A gnoll bouda (D:6)
  A jelly (D:6)
  5 iguanas
  5 orc wizards
  13 gnolls
  10 adders
  2 shadow imps (D:7)
  3 ufetubi
  2 worms (D:2)
  23 orcs
  14 endoplasms
  5 giant cockroaches
  11 goblins
  5 hobgoblins
  4 jackals
  9 kobolds
  4 quokkas
  6 ball pythons
  7 bats
  4 frilled lizards
  2 rats
179 creatures vanquished.

Notes
Turn   | Place    | Note
-------+----------+-------------------------------------------
     0 | D:1      | leviel the Hill Orc Fighter began the quest for the Orb.
     0 | D:1      | Reached XP level 1. HP: 19/19 MP: 1/1
     3 | D:1      | Noticed an electric eel
     4 | D:1      | Noticed an electric eel
   117 | D:1      | Reached XP level 2. HP: 27/27 MP: 2/2
   363 | D:1      | Reached XP level 3. HP: 25/33 MP: 3/3
  1442 | D:2      | Reached XP level 4. HP: 34/40 MP: 4/4
  1686 | D:2      | Found a glowing golden altar of the Shining One.
  1701 | D:2      | Became a worshipper of the Shining One
  2046 | D:3      | Reached XP level 5. HP: 47/47 MP: 5/5
  2200 | D:3      | Identified the +10 glaive "Newtbane" {freeze, Will+}
  2677 | D:4      | Found a staircase to the Ecumenical Temple.
  2684 | D:4      | Found a sparkling altar of Nemelex Xobeh.
  2684 | D:4      | Noticed a centaur
  2686 | D:4      | Killed a centaur
  2687 | D:4      | Reached skill level 1 in Polearms
  2687 | D:4      | Reached XP level 6. HP: 49/55 MP: 6/6
  2746 | D:4      | Reached skill level 5 in Fighting
  3195 | D:4      | Found a glowing silver altar of Zin.
  3464 | D:4      | Found an opulent altar of Gozag.
  3624 | D:5      | Entered Level 5 of the Dungeon
  3689 | D:5      | Reached * piety under the Shining One
  3693 | D:5      | Reached skill level 5 in Axes
  3693 | D:5      | Reached XP level 7. HP: 61/61 MP: 7/7
  3697 | D:5      | Reached skill level 5 in Shields
  3702 | D:5      | Reached skill level 5 in Armour
  3922 | D:5      | Found Gezxic's CLEARANCE SALE!.
  3926 | D:5      | Noticed Grinder
  3931 | D:5      | Killed Grinder
  3932 | D:5      | Reached XP level 8. HP: 58/70 MP: 8/8
  4672 | D:6      | Reached skill level 1 in Dodging
  4685 | D:6      | Reached ** piety under the Shining One
  4694 | D:6      | Reached XP level 9. HP: 60/79 MP: 9/9
  4788 | D:6      | Found Riheuhed's Jewellery Shop.
  4790 | D:6      | Noticed Menkaure
  4797 | D:6      | Killed Menkaure
  4885 | D:6      | Reached skill level 5 in Polearms
  5325 | D:7      | Identified the +3 rapier "Mezuclirag" {vorpal, rElec rN+
                  | SInv}
  5700 | D:7      | Found a transporter.
  5700 | D:7      | Noticed a green ugly thing
  5702 | D:7      | Found a corrupted altar of Lugonu.
  5702 | D:7      | Found a transporter.
  5702 | D:7      | Noticed a white ugly thing
  5995 | D:7      | Found a hide-covered altar of Uskayaw.
  6269 | D:7      | Reached XP level 10. HP: 85/88 MP: 10/10
  6327 | D:7      | Reached *** piety under the Shining One
  6611 | D:7      | HP: 3/90 [small abomination (18)]
  6612 | D:7      | Succumbed to a green ugly thing's poison

Illustrated notes

Levels and vault maps discovered:
D:1:      arrival_aquarium_b, layout_loops_ring
D:2:      layout_basic, basic_altar
D:3:      layout_loops_ring
D:4:      layout_basic, pdpol_temple_overflow_zin_treasury_gozag_greed,
          mainiacjoe_overflow_tiny_flanked, minmay_temple_entry_water_ring
D:5:      layout_basic, nicolae_shop_clearance, uniq_grinder
D:6:      minmay_general_purpose_star, layout_cave_pools, serial_glass,
          glass_columns_a, glass_columns_a, glass_columns_b, glass_columns_b,
          glass_columns_a, glass_columns_a, serial_shops, nicolae_diamond_shop,
          uniq_menkaure
D:7:      gammafunk_corrupted_shrine, layout_basic, mainiacjoe_overflow_24_doors

Skill      XL: |  1  2  3  4  5  6  7  8  9 |
---------------+----------------------------+-----
Axes           | 3 4 5 6 7 8 |  8.7
Fighting       | 4 5 6 7 8 |  8.5
Armour         | 4 5 6 7 |  7.7
Shields        | 4 5 6 |  6.0
Polearms       | 1 2 3 4 6 |  6.3
Dodging        | 1 3 |  3.4

Action                   |  1- 3 |  4- 6 |  7- 9 | 10-12 || total
-------------------------+-------+-------+-------+-------++-------
Melee: War axe           |   102 |    24 |       |       ||   126
       Glaive            |       |    69 |   130 |    19 ||   218
  Use: Scroll            |     4 |     2 |       |    10 ||    16
       Potion            |       |       |       |     5 ||     5
Armor: Scale mail        |    39 |    22 |    39 |     6 ||   106
Dodge: Dodged            |    46 |    31 |    58 |    11 ||   146
Block: Buckler           |    22 |     4 |       |       ||    26
       Other             |       |    11 |    20 |     4 ||    35
       Reflection        |       |       |     4 |       ||     4

Table legend: (Time is in decaauts)
 A = Elapsed time spent in this place.
 B = Non-inter-level travel time spent in this place.
 C = Inter-level travel time spent in this place.
 D = Time resting spent in this place.
 E = Time spent auto-exploring this place.
 F = Levels seen in this place.
 G = Mean time per level.
                   A        B        C        D        E       F      G
               +--------+--------+--------+--------+--------+-----+--------+
         Total |   6759 |   6398 |    361 |    473 |   4919 |   7 |  965.6 |
       Dungeon |   6759 |   6398 |    361 |    473 |   4919 |   7 |  965.6 |
               +--------+--------+--------+--------+--------+-----+--------+

Top non-repeatable levels by time:
     D:7: 1363 daAuts
     D:2: 1259 daAuts
     D:5: 1018 daAuts
     D:4: 971 daAuts
     D:1: 774 daAuts
     D:3: 699 daAuts
     D:6: 672 daAuts
